 Dungeon Sprint DCSS version 0.17-a0-1093-g0b3cd89 (webtiles) character file.

68573970 XXXTooMuchSwagXXX the Skullcrusher (level 24, 295/295 HPs)
             Began as an Ogre Berserker on May 20, 2015.
             Escaped with the Orb
             ... and 17 runes!
             The game lasted 01:32:41 (26820 turns).

XXXTooMuchSwagXXX the Skullcrusher (OgBe)          Turns: 26820, Time: 01:32:41

Health: 295/295    AC: 32    Str: 40    XL:     24   Next: 77%
Magic:  54/54      EV: 28    Int: 10    God:
Gold:   1091       SH:  0    Dex: 18    Spells: 19 memorised, 5 levels left

rFire  + + .     SeeInvis .     X - +4 giant spiked club of the Jolly Planets {speed, +Inv rElec Str+8 Dex-3}
rCold  + + +     Clarity  .     I - +5 fire dragon armour
rNeg   + + +     SustAb   .     (no shield)
rPois  ∞         Gourm    .     l - +0 hat {MR+}
rElec  +         Spirit   .     n - +0 cloak of the Heavens {*Confuse rPois rC+ rCorr}
rCorr  +         Warding  .     (gloves unavailable)
rMut   .         NoTele   +     (boots unavailable)
MR     ++++.                    D - amulet "Neeb" {rC+ Regen+ Int+2 Dex+6}
Stlth  +.........               G - ring of protection from cold
                                b - ring "Lejiogh" {Wiz Str+3}

@: lich-form, deflect missiles, incredibly resistant to hostile enchantments,
very unstealthy
A: unfitting armour, tough skin 1, MP-powered wands
a: End Transformation, Evoke Invisibility
0: Orb of Zot
}: 17/15 runes: decaying, serpentine, barnacled, slimy, elven, silver, golden,
iron, obsidian, icy, bone, abyssal, glowing, magical, fiery, dark, gossamer


You escaped.
You were not hungry.
You were a lich.
You visited 1 branch You collected 1955 gold pieces.
You spent 864 gold pieces at shops.

Inventory:

Hand weapons
 e - the +5 giant club of the Eel {flame, rElec Str+6 Int+4}
   (Trog gifted it to you in the Dungeon)

   It has been specially enchanted to burn those struck by it, causing extra
   injury to most foes and up to half again as much damage against particularly
   susceptible opponents.
   It affects your strength (+6).
   It affects your intelligence (+4).
   It insulates you from electricity.
 i - the +5 giant spiked club of Ravage {holy, +Blink Str+6 Stlth+}
   (You found it in the Dungeon)

   It has been blessed by the Shining One to cause great damage to the undead
   and demons.
   It affects your strength (+6).
   It lets you blink.
   It makes you more stealthy.
 w - the +9 longbow "Plojy" {velocity, rElec rF++ rC- Int+4, unknown}
   (Trog gifted it to you in the Dungeon)

   Any arrow fired from it inflicts extra damage.
   It affects your intelligence (+4).
   It greatly protects you from fire.
   It makes you vulnerable to cold.
   It insulates you from electricity.
 x - a +5 antimagic giant club
 J - a +5 giant spiked club
 P - a +4 giant spiked club
 W - the +9 dire flail of Vengeance {freeze, +Rage rF+ rC+}
   (Okawaru gifted it to you in the Dungeon)

   It has been specially enchanted to freeze those struck by it, causing extra
   injury to most foes and up to half again as much damage against particularly
   susceptible opponents.
   It can also slow down cold-blooded creatures.
   It protects you from fire.
   It protects you from cold.
   It lets you go berserk.
 X - the +4 giant spiked club of the Jolly Planets (weapon) {speed, +Inv rElec Str+8 Dex-3}
   (Okawaru gifted it to you in the Dungeon)

   Attacks with this weapon are significantly faster.
   It affects your strength (+8).
   It affects your dexterity (-3).
   It insulates you from electricity.
   It lets you turn invisible.
Missiles
 d - 208 arrows
 h - 13 large rocks (quivered)
 S - 10 arrows of dispersal
Armour
 f - a +0 gold dragon armour
 j - a +0 cloak of poison resistance
 l - a +0 hat of magic resistance (worn)
 n - the +0 cloak of the Heavens (worn) {*Confuse rPois rC+ rCorr}
   (Okawaru gifted it to you in the Dungeon)

   It protects you from cold.
   It protects you from poison.
   It protects you from acid and corrosion.
   It may confuse you when you take damage.
 I - a +5 fire dragon armour (worn)
Magical staves
 m - an uncursed staff of energy
Jewellery
 b - the ring "Lejiogh" (left hand) {Wiz Str+3}
   (You found it in the Dungeon)

   [ring of wizardry]

   It improves your spell success rate.
   It affects your strength (+3).
 p - the amulet "Lufau" {rMut rF+ SInv}
   (You found it in the Dungeon)

   [amulet of resist mutation]

   It protects you from mutation.
   It protects you from fire.
   It lets you see invisible.
 D - the amulet "Neeb" (around neck) {rC+ Regen+ Int+2 Dex+6}
   (You found it in the Dungeon)

   [amulet of regeneration]

   It affects your intelligence (+2).
   It affects your dexterity (+6).
   It protects you from cold.
   It increases your rate of regeneration.
 G - a ring of protection from cold (right hand)
 H - an uncursed ring of protection from cold
 M - a +6 ring of dexterity
 N - a +4 ring of evasion
 V - an uncursed ring of wizardry
Magical devices
 q - a wand of hasting (5)
 t - a wand of teleportation (6)
 C - a wand of heal wounds (0)
 E - a wand of teleportation (2)
 F - a wand of hasting (0)
 Y - a wand of heal wounds (0)
Scrolls
 k - 5 scrolls of remove curse
 u - 7 scrolls of recharging
 y - 3 scrolls of amnesia
 K - 4 scrolls of fear
 L - a scroll of identify
 T - 3 scrolls of enchant weapon
Potions
 g - 3 potions of magic
 o - a potion of resistance
 s - 4 potions of cure mutation
 A - a potion of flight {unknown}
 Q - 6 potions of heal wounds
 R - 3 potions of curing
Books
 a - a book of the Sky

   Spells                             Type                      Level
   a - Summon Lightning Spire         Summoning/Air                4
   b - Airstrike                      Air                          4
   c - Silence                        Hexes/Air                    5
   d - Deflect Missiles               Charms/Air                   6
   e - Conjure Ball Lightning         Conjuration/Air              6
   f - Tornado                        Air                          9
 c - Sif Muna's Papyrus of Gliding Conjuration
   (Sif Muna gifted it to you in the Dungeon)

   Spells                             Type                      Level
   a - Sting                          Conjuration/Poison           1
   b - Shock                          Conjuration/Air              1
   c - Iron Shot                      Conjuration/Earth            6
   d - Freezing Cloud                 Conjuration/Ice/Air          6
 r - Sif Muna's Handbook of the Escort
   (Sif Muna gifted it to you in the Dungeon)

   Spells                             Type                      Level
   a - Summon Small Mammal            Summoning                    1
   b - Shadow Creatures               Summoning                    5
   c - Haunt                          Necromancy/Summoning         7
   d - Summon Greater Demon           Summoning                    7
 v - Sif Muna's Collected Works on Battle Magic
   (Sif Muna gifted it to you in the Dungeon)

   Spells                             Type                      Level
   a - Magic Dart                     Conjuration                  1
   b - Bolt of Draining               Conjuration/Necromancy       5
   c - Bolt of Cold                   Conjuration/Ice              6
Miscellaneous
 O - the horn of Geryon
Comestibles
 z - 40 fruits
 B - 11 meat rations


   Skills:
 O Level 27 Fighting
 O Level 27 Maces & Flails
 + Level 13.7 Throwing
 O Level 27 Armour
 O Level 27 Dodging
 - Level 15.1 Stealth
 O Level 27 Spellcasting
 - Level 17.5 Hexes
 - Level 22.3 Charms
 - Level 26.2 Necromancy
 - Level 17.0 Translocations
 - Level 26.9 Transmutations
 - Level 17.0 Air Magic
   Level 19.9 Invocations
 - Level 12.2 Evocations


You had 5 spell levels left.
You knew the following spells:

 Your Spells              Type           Power        Failure   Level  Hunger
a - Condensation Shield   Ice            ##........   14%         4    N/A
b - Passwall              Trmt/Erth      #####.....   1%          3    N/A
c - Stoneskin             Trmt/Erth      #####...     1%          2    N/A
d - Regeneration          Chrm/Necr      #######...   0%          3    N/A
e - Necromutation         Trmt/Necr      #######...   1%          8    N/A
f - Flame Tongue          Conj/Fire      ##...        1%          1    N/A
g - Darkness              Hex            #####.....   1%          7    N/A
h - Phase Shift           Tloc           #####.....   1%          5    N/A
i - Portal Projectile     Tloc           #####.       0%          3    N/A
j - Silence               Hex/Air        #####.....   1%          5    N/A
k - Statue Form           Trmt/Erth      #####....    1%          6    N/A
l - Song of Slaying       Chrm           ######..     0%          2    N/A
m - Repel Missiles        Chrm/Air       ######       0%          2    N/A
n - Spectral Weapon       Hex/Chrm       ######..     0%          3    N/A
o - Sublimation of Blood  Necr           #######...   0%          2    N/A
p - Blink                 Tloc           N/A          0%          2    N/A
q - Swiftness             Chrm/Air       ######..     0%          2    N/A
r - Haste                 Chrm           ######..     1%          6    N/A
s - Deflect Missiles      Chrm/Air       ######....   1%          6    N/A

Dungeon Overview and Level Annotations

Branches:
Dungeon (1/1)

Altars:
Cheibriados
Dithmenos
Elyvilon
Fedhas
Gozag
Kikubaaqudgha
Makhleb
Nemelex Xobeh
Okawaru
Qazlal
Ru
Sif Muna
Trog
Vehumet
Xom
Yredelemnul
Zin
The Shining One
Beogh
Jiyva
Lugonu

Shops:
D *}[[


Innate Abilities, Weirdness & Mutations

You are too large for most types of armour.
You have tough skin (AC +1).
You expend magic power (3 MP) to strengthen your wands.


Message History

There is a staircase leading out of the dungeon here.
You start resting.
Your transformation is almost over.
You start resting.
You feel yourself come back to life.
Casting: Necromutation
Confirm with . or Enter, or press ? or * to list all spells.
Your body is suffused with negative energy!
You start resting.
Magic restored.
You start resting.
HP restored.
Use which ability? (? or * to list)
Okay, then.
Use which ability? (? or * to list) Really renounce your faith, foregoing its fabulous benefits?
Are you sure you won't change your mind later?
You have lost your religion!
Makhleb does not appreciate desertion!
You have escaped!

.▓.▓.▓.▓.▓.▓.▓.▓.▓
.▓.▓.▓.▓.▓.▓'▓.▓.▓
.▓.▓.▓.▓.▓.▓)▓.▓)▓
.▓.▓.▓.▓.▓.▓.▓.▓'▓
.▓.▓.▓.▓.▓.▓)▓.▓.▓
.▓.▓.▓.▓.▓.▓.▓.▓.▓
.▓.▓.▓.▓.▓.▓.▓.▓.▓
.▓.▓.▓.▓.▓.▓.▓.▓.▓
...▓...▓.[.▓...▓L▓
▓▓▓▓▓▓▓▓▓▓▓▓▓▓▓▓▓▓


There were no monsters in sight!

Vanquished Creatures
  Cerebov (D)
  Antaeus (D)
  Asmodeus (D)
  the royal jelly (D)
  Ereshkigal (D)
  Gloorx Vloq (D)
  3 seraphim (D)
  Mnoleg (D)
  Lom Lobon (D)
  Dispater (D)
  4 orbs of fire (D)
  5 ancient liches (D)
  Mara (D)
  Mennas (D)
  4 greater mummies (D)
  Boris (D)
  Frederick (D)
  Margery (D)
  Norris (D)
  Saint Roka (D)
  A Killer Klown (D)
  Geryon (D)
  4 golden dragons (D)
  Nikola (D)
  Jory (D)
  Xtahua (D)
  2 bone dragons (D)
  2 electric golems (D)
  7 tentacled monstrosities (D)
  A Hell Sentinel (D)
  An Ice Fiend (D)
  39 Orb Guardians (D)
  7 liches (D)
  A quicksilver dragon (D)
  5 deep elf master archers (D)
  5 titans (D)
  2 Shadow Fiends (D)
  7 deep elf blademasters (D)
  12 sphinxes (D)
  7 acid blobs (D)
  7 shadow dragons (D)
  4 storm dragons (D)
  A draconian monk (D)
  Ilsuiw (D)
  4 greater nagas (D)
  3 vault wardens (D)
  4 daevas (D)
  9 azure jellies (D)
  4 fire giants (D)
  A chaos champion (D)
  3 deep elf sorcerers (D)
  A ghost moth (D)
  8 frost giants (D)
  A draconian knight (D)
  A draconian scorcher (D)
  Louise (D)
  3 emperor scorpions (D)
  2 warmongers (D)
  3 angels (D)
  A cacodemon (D)
  An orc warlord (D)
  4 balrugs (D)
  A reaper (D)
  2 draconian zealots (D)
  6 vampire knights (D)
  3 very ugly things (D)
  2 ironheart preservers (D)
  A draconian annihilator (D)
  5 pandemonium lords (D)
  9 stone giants (D)
  3 green draconians (D)
  2 black draconians (D)
  2 blood saints (D)
  2 white draconians (D)
  3 deep elf demonologists (D)
  A lorocyproca (D)
  A deep elf annihilator (D)
  3 purple draconians (D)
  3 mottled draconians (D)
  3 corrupters (D)
  5 red draconians (D)
  2 yellow draconians (D)
  An ettin (D)
  7 merfolk javelineers (D)
  3 merfolk impalers (D)
  A green death (D)
  A yaktaur captain (D)
  3 deep elf death magi (D)
  A blizzard demon (D)
  25 vault guards (D)
  3 mummy priests (D)
  A fire dragon (D)
  7 death oozes (D)
  Josephine (D)
  2 great orbs of eyes (D)
  11 hydras (D)
  2 minotaurs (D)
  A rakshasa (D)
  A deep elf high priest (D)
  33 hell beasts (D)
  2 death cobs (D)
  2 ogre magi (D)
  A naga warrior (D)
  5 ice dragons (D)
  5 large abominations (D)
  A monstrous demonspawn (D)
  A spriggan air mage (D)
  5 centaur warriors (D)
  2 merfolk avatars (D)
  4 merfolk aquamancers (D)
  A salamander stormcaller (D)
  An anaconda (D)
  2 tengu warriors (D)
  2 hell hogs (D)
  A deep troll earth mage (D)
  An orc high priest (D)
  3 soul eaters (D)
  3 deep elf knights (D)
  4 sun demons (D)
  Sonja (D)
  A fire crab (D)
  An iron troll (D)
  2 hell knights (D)
  A shock serpent (D)
  A wretched star (D)
  A shadow demon (D)
  5 cherubim (D)
  A naga ritualist (D)
  A ball lightning (D)
  2 gelid demonspawn (D)
  A flayed ghost (D)
  2 infernal demonspawn (D)
  A sea snake (D)
  A death scarab (D)
  A spriggan druid (D)
  5 deep trolls (D)
  2 ice devils (D)
  An unseen horror (D)
  3 torturous demonspawn (D)
  7 swamp dragons (D)
  3 small abominations (D)
  2 giant orange brains (D)
  An ironbrand convoker (D)
  A hill giant (D)
  A putrid demonspawn (D)
  6 orc knights (D)
  3 necromancers (D)
  6 ugly things (D)
  6 orc sorcerers (D)
  7 wolf spiders (D)
  5 griffons (D)
  5 sixfirhies (D)
  A hornet (D)
  A manticore (D)
  7 moths of wrath (D)
  A cyclops (D)
  7 orange demons (D)
  3 vault sentinels (D)
  A torpor snail (D)
  5 smoke demons (D)
  3 black mambas (D)
  A guardian serpent (D)
  4 rust devils (D)
  An efreet (D)
  6 hellwings (D)
  7 naga magi (D)
  3 spiny frogs (D)
  3 tormentors (D)
  3 yaktaurs (D)
  12 red devils (D)
  3 hellions (D)
  A wandering mushroom (D)
  A deep elf priest (D)
  21 guardian mummies (D)
  2 tengu conjurers (D)
  9 merfolk (D)
  A slime creature (D)
  A freezing wraith (D)
  7 polar bears (D)
  3 demonic crawlers (D)
  5 trolls (D)
  2 jumping spiders (D)
  4 ravens (D)
  2 two-headed ogres (D)
  4 boulder beetles (D)
  A wind drake (D)
  2 bog bodies (D)
  A blue devil (D)
  A vampire (D)
  A flying skull (D)
  11 spriggans (D)
  11 water elementals (D)
  5 shadows (D)
  3 redbacks (D)
  4 wraiths (D)
  A yak (D)
  7 ynoxinuls (D)
  Eustachio (D)
  A trapdoor spider (D)
  3 golden eyes (D)
  3 neqoxecs (D)
  7 wolves (D)
  2 hungry ghosts (D)
  A vampire mosquito (D)
  4 mottled dragons (D)
  3 nagas (D)
  A hippogriff (D)
  3 water moccasins (D)
  A hell hound (D)
  3 chaos spawn (D)
  5 porcupines (D)
  A warg (D)
  12 orc warriors (D)
  6 black bears (D)
  An eye of draining (shapeshifter) (D)
  2 swamp drakes (D)
  A sky beast (D)
  4 ogres (D)
  2 eyes of draining (D)
  A spider (D)
  2 boggarts (D)
  4 crocodiles (D)
  4 giant frogs (D)
  2 scorpions (D)
  A killer bee (D)
  A wight (D)
  A crimson imp (D)
  A quasit (D)
  A hound (D)
  An iguana (D)
  A jelly (D)
  2 iron imps (D)
  3 orc priests (D)
  11 orc wizards (D)
  4 shadow imps (D)
  5 white imps (D)
  A giant eyeball (D)
  7 ufetubi (D)
  9 orcs (D)
  A bat skeleton (D)
  A goblin (D)
  2 hobgoblins (D)
  2 kobolds (D)
  A giant gecko zombie (D)
  A giant newt (D)
  A rat (D)
  2 crawling corpses (D)
825 creatures vanquished.

Vanquished Creatures (others)
  An Orb Guardian (D)
  A large abomination (D)
  9 ball lightnings (D)
  An orc knight (D)
  A golden eye (D)
  2 orc warriors (D)
  A lost soul (D)
  An orc (D)
17 creatures vanquished.

Grand Total: 842 creatures vanquished

Notes
Turn   | Place    | Note
--------------------------------------------------------------
     0 | D        | XXXTooMuchSwagXXX the Ogre Berserker began the quest for the Orb.
     0 | D        | Reached XP level 1. HP: 24/24 MP: 1/1
     9 | D        | Acquired Trog's second power
    17 | D        | Noticed a crimson imp
    17 | D        | Noticed a scorpion
    24 | D        | Reached skill level 5 in Maces & Flails
    24 | D        | Reached XP level 2. HP: 33/33 MP: 2/2
    29 | D        | Killed a scorpion
    29 | D        | Reached skill level 6 in Fighting
    29 | D        | Reached skill level 7 in Maces & Flails
    29 | D        | Reached XP level 3. HP: 28/45 MP: 3/3
    29 | D        | Reached XP level 4. HP: 33/53 MP: 4/4
    53 | D        | Killed a crimson imp
    53 | D        | Reached skill level 8 in Maces & Flails
    65 | D        | Found a glowing silver altar of Zin.
    65 | D        | Found a glowing golden altar of the Shining One.
    65 | D        | Found an ancient bone altar of Kikubaaqudgha.
    65 | D        | Found a basalt altar of Yredelemnul.
    65 | D        | Found a shimmering altar of Xom.
    65 | D        | Found a radiant altar of Vehumet.
    66 | D        | Found an iron altar of Okawaru.
    67 | D        | Found a burning altar of Makhleb.
    68 | D        | Found a deep blue altar of Sif Muna.
    69 | D        | Found a bloodstained altar of Trog.
   336 | D        | Found a sparkling altar of Nemelex Xobeh.
   337 | D        | Found a white marble altar of Elyvilon.
   338 | D        | Found a roughly hewn altar of Beogh.
   339 | D        | Found a viscous altar of Jiyva.
   340 | D        | Found a corrupted altar of Lugonu.
   341 | D        | Found a blossoming altar of Fedhas.
   342 | D        | Found a snail-covered altar of Cheibriados.
   343 | D        | Found a shadowy altar of Dithmenos.
   344 | D        | Found a stormy altar of Qazlal.
   345 | D        | Found an opulent altar of Gozag.
   358 | D        | Found a sacrificial altar of Ru.
   385 | D        | Noticed a water moccasin
   385 | D        | Noticed a troll
   385 | D        | Noticed an iguana
   385 | D        | Noticed an eye of draining
   385 | D        | Noticed a hill giant
   385 | D        | Noticed a hound
   394 | D        | Killed a hill giant
   394 | D        | Acquired Trog's third power
   394 | D        | Reached skill level 10 in Fighting
   394 | D        | Reached skill level 13 in Maces & Flails
   394 | D        | Reached XP level 5. HP: 70/70 MP: 0/5
   394 | D        | Reached XP level 6. HP: 79/79 MP: 0/6
   394 | D        | Reached XP level 7. HP: 87/87 MP: 0/7
   396 | D        | Killed a hound
   396 | D        | Reached skill level 14 in Maces & Flails
   400 | D        | Killed an eye of draining
   404 | D        | Killed an iguana
   404 | D        | Received a gift from Trog
   410 | D        | Killed a troll
   410 | D        | Reached skill level 15 in Maces & Flails
   410 | D        | Reached XP level 8. HP: 88/98 MP: 0/8
   425 | D        | Killed a water moccasin
   651 | D        | Noticed a tengu conjurer
   651 | D        | Noticed a giant frog
   651 | D        | Noticed a killer bee
   651 | D        | Noticed a crocodile
   651 | D        | Noticed a scorpion
   661 | D        | Killed a scorpion
   668 | D        | Killed a crocodile
   668 | D        | Received a gift from Trog
   671 | D        | Killed a killer bee
   671 | D        | Reached skill level 16 in Maces & Flails
   672 | D        | Killed a giant frog
   678 | D        | Killed a tengu conjurer
   680 | D        | Got a twisted giant club {god gift}
   685 | D        | Identified the +5 giant club "Tofiu" {flame, *Contam rPois rF+ Int+3} (Trog gifted it to you in the Dungeon)
   820 | D        | Noticed a crocodile
   820 | D        | Noticed a hippogriff
   820 | D        | Noticed a crocodile
   820 | D        | Noticed a porcupine
   820 | D        | Noticed a spiny frog
   820 | D        | Noticed a porcupine
   822 | D        | Killed a porcupine
   824 | D        | Killed a spiny frog
   824 | D        | Reached skill level 17 in Maces & Flails
   824 | D        | Reached XP level 9. HP: 110/110 MP: 9/9
   825 | D        | Killed a porcupine
   825 | D        | Received a gift from Trog
   826 | D        | Noticed a water moccasin
   827 | D        | Noticed a porcupine
   828 | D        | Killed a crocodile
   829 | D        | Noticed a yak
   830 | D        | Killed a hippogriff
   830 | D        | Reached skill level 10 in Dodging
   833 | D        | Killed a crocodile
   835 | D        | Killed a water moccasin
   835 | D        | Reached skill level 18 in Maces & Flails
   837 | D        | Killed a porcupine
   842 | D        | Killed a yak
   846 | D        | Got a transparent longbow {god gift}
  1057 | D        | Noticed a giant frog
  1057 | D        | Noticed a six-headed hydra
  1057 | D        | Noticed a seven-headed hydra
  1057 | D        | Noticed a porcupine
  1057 | D        | Noticed a water moccasin
  1057 | D        | Noticed a six-headed hydra
  1061 | D        | Killed a six-headed hydra
  1061 | D        | Reached skill level 19 in Maces & Flails
  1064 | D        | Noticed a crocodile
  1066 | D        | Killed a water moccasin
  1066 | D        | Reached XP level 10. HP: 114/123 MP: 10/10
  1070 | D        | Killed a porcupine
  1070 | D        | Received a gift from Trog
  1071 | D        | Noticed a boulder beetle
  1073 | D        | Killed a giant frog
  1074 | D        | Noticed a porcupine
  1076 | D        | Killed a seven-headed hydra
  1076 | D        | Reached skill level 15 in Fighting
  1076 | D        | Reached skill level 20 in Maces & Flails
  1079 | D        | Killed a six-headed hydra
  1080 | D        | Killed a crocodile
  1087 | D        | Killed a boulder beetle
  1092 | D        | Killed a porcupine
  1092 | D        | Received a gift from Trog
  1099 | D        | Got a scorched giant club {god gift}
  1100 | D        | Identified the +5 giant club of the Eel {flame, rElec Str+6 Int+4} (Trog gifted it to you in the Dungeon)
  1119 | D        | Gained mutation: You expend magic power (3 MP) to strengthen your wands. [mutagenic glow]
  1310 | D        | Noticed a wolf
  1310 | D        | Noticed a wolf
  1310 | D        | Noticed a wolf
  1310 | D        | Noticed a hell hound
  1310 | D        | Noticed a wolf
  1312 | D        | Noticed a wolf
  1312 | D        | Killed a wolf
  1313 | D        | Killed a wolf
  1313 | D        | Reached skill level 21 in Maces & Flails
  1314 | D        | Noticed a wolf
  1316 | D        | Noticed a wolf
  1317 | D        | Killed a hell hound
  1319 | D        | Killed a wolf
  1322 | D        | Killed a wolf
  1326 | D        | Killed a wolf
  1326 | D        | Received a gift from Trog
  1328 | D        | Killed a wolf
  1329 | D        | Killed a wolf
  1484 | D        | Fell from the grace of Trog
  1484 | D        | Became a worshipper of Warmaster Okawaru
  1693 | D        | Noticed a wraith
  1694 | D        | Noticed a wraith
  1696 | D        | Noticed Josephine
  1697 | D        | Noticed a wraith
  1699 | D        | Noticed a wraith
  1699 | D        | Killed a wraith
  1702 | D        | Killed Josephine
  1702 | D        | Acquired Okawaru's first power
  1702 | D        | Reached XP level 11. HP: 132/137 MP: 11/11
  1706 | D        | Killed a wraith
  1706 | D        | Reached skill level 22 in Maces & Flails
  1711 | D        | Killed a wraith
  1713 | D        | Killed a wraith
  1731 | D        | Noticed Sonja
  1748 | D        | Killed Sonja
  1902 | D        | Noticed an orc warrior
  1902 | D        | Noticed an orc warrior
  1902 | D        | Noticed an orc priest
  1902 | D        | Noticed an orc wizard
  1905 | D        | Killed an orc wizard
  1909 | D        | Noticed an orc priest
  1914 | D        | Killed an orc warrior
  1915 | D        | Noticed an orc wizard
  1916 | D        | Killed an orc priest
  1917 | D        | Noticed an orc wizard
  1921 | D        | Noticed an orc priest
  1922 | D        | Killed an orc warrior
  1926 | D        | Killed an orc priest
  1927 | D        | Killed an orc wizard
  1929 | D        | Killed an orc wizard
  1931 | D        | Killed an orc priest
  2140 | D        | Noticed an orc knight
  2140 | D        | Noticed an orc knight
  2140 | D        | Noticed an orc warrior
  2140 | D        | Noticed an orc warrior
  2140 | D        | Noticed an orc warrior
  2140 | D        | Noticed an orc warrior
  2142 | D        | Killed an orc warrior
  2144 | D        | Noticed an orc warrior
  2145 | D        | Noticed an orc warrior
  2146 | D        | Killed an orc warrior
  2149 | D        | Noticed an orc warrior
  2149 | D        | Killed an orc knight
  2150 | D        | Noticed an orc warrior
  2151 | D        | Killed an orc warrior
  2152 | D        | Noticed an orc warrior
  2156 | D        | Killed an orc knight
  2158 | D        | Killed an orc warrior
  2158 | D        | Reached skill level 23 in Maces & Flails
  2159 | D        | Noticed an orc high priest
  2163 | D        | Noticed an ice devil
  2203 | D        | Killed an orc warrior
  2205 | D        | Killed an orc warrior
  2206 | D        | Killed an orc warrior
  2209 | D        | Killed an orc warrior
  2211 | D        | Killed an orc warrior
  2442 | D        | Killed an orc high priest
  2497 | D        | Found Ymamemet's Antique Armour Boutique.
  2497 | D        | Noticed an orc wizard
  2497 | D        | Noticed an orc sorcerer
  2497 | D        | Noticed an orc wizard
  2497 | D        | Noticed an orc wizard
  2497 | D        | Noticed an orc wizard
  2498 | D        | Noticed an orc wizard
  2500 | D        | Noticed an orc sorcerer
  2500 | D        | Killed an orc wizard
  2501 | D        | Found Osecu's Armour Shop.
  2501 | D        | Noticed an orc wizard
  2503 | D        | Killed an orc sorcerer
  2509 | D        | Killed an orc wizard
  2516 | D        | Killed an orc wizard
  2519 | D        | Killed an orc sorcerer
  2521 | D        | Killed an orc wizard
  2524 | D        | Killed an orc wizard
  2526 | D        | Killed an orc wizard
  2527 | D        | Found Estro Joe's Gadget Boutique.
  2531 | D        | Found Adukk's General Store.
  2532 | D        | Noticed an orc sorcerer
  2533 | D        | Noticed an orc sorcerer
  2534 | D        | Noticed an orc sorcerer
  2535 | D        | Noticed an orc sorcerer
  2536 | D        | Noticed an orc wizard
  2541 | D        | Killed an orc sorcerer
  2548 | D        | Killed an orc sorcerer
  2548 | D        | Reached skill level 24 in Maces & Flails
  2550 | D        | Killed an orc sorcerer
  2559 | D        | Killed an orc sorcerer
  2559 | D        | Reached XP level 12. HP: 56/152 MP: 10/12
  2566 | D        | Killed an orc wizard
  2934 | D        | Bought a +2 ice dragon armour for 864 gold pieces
  2991 | D        | Noticed Eustachio
  3003 | D        | Killed Eustachio
  3137 | D        | Noticed a troll
  3137 | D        | Noticed a shadow
  3137 | D        | Noticed a centaur warrior
  3137 | D        | Noticed a manticore
  3137 | D        | Noticed a centaur warrior
  3137 | D        | Noticed a cyclops
  3140 | D        | Killed a cyclops
  3140 | D        | Reached skill level 1 in Armour
  3140 | D        | Reached skill level 1 in Invocations
  3141 | D        | Noticed a hungry ghost
  3145 | D        | Killed a centaur warrior
  3145 | D        | Acquired Okawaru's second power
  3147 | D        | Killed a manticore
  3148 | D        | Noticed a green ugly thing
  3151 | D        | Noticed a frost giant
  3152 | D        | Killed a centaur warrior
  3153 | D        | Noticed a purple ugly thing
  3156 | D        | Killed a shadow
  3157 | D        | Noticed a boggart
  3159 | D        | Killed a troll
  3160 | D        | Killed an unseen horror
  3161 | D        | Killed a hungry ghost
  3162 | D        | Noticed a yaktaur
  3168 | D        | Noticed a yaktaur
  3170 | D        | Killed a green ugly thing
  3171 | D        | Noticed an ogre mage
  3176 | D        | Killed a frost giant
  3176 | D        | Received a gift from Okawaru
  3176 | D        | Reached skill level 5 in Armour
  3176 | D        | Reached skill level 5 in Invocations
  3178 | D        | Killed a purple ugly thing
  3180 | D        | Killed a yaktaur
  3182 | D        | Killed a yaktaur
  3184 | D        | Killed an ogre mage
  3184 | D        | Received a gift from Okawaru
  3188 | D        | Killed a boggart
  3508 | D        | Noticed Saint Roka
  3509 | D        | Noticed an orc warrior
  3511 | D        | Noticed a warg
  3516 | D        | Noticed an orc wizard
  3528 | D        | Killed Saint Roka
  3528 | D        | Reached skill level 25 in Maces & Flails
  3528 | D        | Reached XP level 13. HP: 46/165 MP: 14/18
  3530 | D        | Killed an orc warrior
  3531 | D        | Killed a warg
  3537 | D        | Killed an orc wizard
  3921 | D        | Noticed a shock serpent
  3921 | D        | Noticed a black mamba
  3921 | D        | Noticed a naga mage
  3921 | D        | Noticed a black mamba
  3921 | D        | Noticed a naga
  3921 | D        | Noticed a black mamba
  3924 | D        | Noticed a naga ritualist
  3924 | D        | Killed a black mamba
  3926 | D        | Noticed an anaconda
  3926 | D        | Killed a naga
  3927 | D        | Noticed a naga mage
  3929 | D        | Killed a black mamba
  3931 | D        | Killed a naga mage
  3936 | D        | Killed a shock serpent
  3937 | D        | Killed a black mamba
  3953 | D        | Killed a naga ritualist
  3953 | D        | Reached skill level 15 in Dodging
  3957 | D        | Killed an anaconda
  3960 | D        | Killed a naga mage
  4224 | D        | Noticed a griffon
  4224 | D        | Noticed a sea snake
  4224 | D        | Noticed a griffon
  4224 | D        | Noticed a merfolk
  4224 | D        | Noticed a merfolk avatar
  4224 | D        | Noticed a wind drake
  4229 | D        | Killed a wind drake
  4230 | D        | Noticed a merfolk
  4231 | D        | Noticed a merfolk javelineer
  4234 | D        | Killed a merfolk avatar
  4235 | D        | Noticed a griffon
  4237 | D        | Killed a merfolk
  4239 | D        | Killed a griffon
  4242 | D        | Killed a sea snake
  4242 | D        | Received a gift from Okawaru
  4246 | D        | Killed a griffon
  4250 | D        | Killed a merfolk javelineer
  4250 | D        | Reached skill level 10 in Armour
  4254 | D        | Killed a merfolk
  4256 | D        | Killed a griffon
  4260 | D        | Got a faintly humming cloak {god gift}
  4271 | D        | Identified the +0 cloak of the Heavens {*Confuse rPois rC+ rCorr} (Okawaru gifted it to you in the Dungeon)
  4278 | D        | Noticed a jumping spider
  4278 | D        | Noticed a spider
  4278 | D        | Noticed a redback
  4278 | D        | Noticed a redback
  4278 | D        | Noticed a wolf spider
  4278 | D        | Noticed a demonic crawler
  4280 | D        | Killed a demonic crawler
  4281 | D        | Noticed a torpor snail
  4288 | D        | Killed a wolf spider
  4289 | D        | Killed a jumping spider
  4290 | D        | Killed a redback
  4291 | D        | Noticed a moth of wrath
  4293 | D        | Killed a redback
  4295 | D        | Killed a spider
  4297 | D        | Killed a torpor snail
  4301 | D        | Killed a moth of wrath
  4477 | D        | Noticed a trapdoor spider
  4478 | D        | Killed a trapdoor spider
  4480 | D        | Noticed a spriggan druid
  4480 | D        | Noticed a five-headed hydra
  4480 | D        | Noticed a swamp drake
  4480 | D        | Noticed a spiny frog
  4480 | D        | Noticed a slime creature
  4480 | D        | Noticed a swamp drake
  4484 | D        | Killed a slime creature
  4489 | D        | Killed a five-headed hydra
  4490 | D        | Noticed a bog body
  4491 | D        | Killed a swamp drake
  4492 | D        | Noticed a swamp dragon
  4493 | D        | Killed a spiny frog
  4493 | D        | Reached skill level 10 in Invocations
  4494 | D        | Noticed a spiny frog
  4495 | D        | Killed a spriggan druid
  4498 | D        | Killed a swamp drake
  4502 | D        | Killed a bog body
  4507 | D        | Killed a swamp dragon
  4509 | D        | Killed a spiny frog
  4622 | D        | Noticed an ettin
  4622 | D        | Noticed a spriggan air mage
  4622 | D        | Noticed a centaur warrior
  4622 | D        | Noticed a rakshasa
  4622 | D        | Noticed a giant orange brain
  4622 | D        | Noticed a red very ugly thing
  4628 | D        | Noticed a green very ugly thing
  4634 | D        | Killed a red very ugly thing
  4638 | D        | Killed a giant orange brain
  4638 | D        | Reached skill level 26 in Maces & Flails
  4639 | D        | Noticed an ice dragon
  4641 | D        | Killed a rakshasa
  4642 | D        | Noticed a frost giant
  4643 | D        | Killed a centaur warrior
  4643 | D        | Reached XP level 14. HP: 97/179 MP: 15/22
  4645 | D        | Noticed a great orb of eyes
  4646 | D        | Killed a spriggan air mage
  4646 | D        | Received a gift from Okawaru
  4647 | D        | Noticed a lich
  4650 | D        | Killed a green very ugly thing
  4654 | D        | Noticed a boggart
  4657 | D        | Killed an ettin
  4658 | D        | Noticed a deep troll earth mage
  4664 | D        | Killed an ice dragon
  4665 | D        | Noticed a red ugly thing
  4667 | D        | Killed a frost giant
  4668 | D        | Noticed a centaur warrior
  4672 | D        | Noticed a flayed ghost
  4679 | D        | Killed a lich
  4682 | D        | Paralysed by a great orb of eyes for 5 turns
  4702 | D        | Killed a great orb of eyes
  4747 | D        | Killed a deep troll earth mage
  4752 | D        | Killed a red ugly thing
  4758 | D        | Killed a centaur warrior
  4760 | D        | Killed a flayed ghost
  4761 | D        | Killed a boggart
  5193 | D        | Noticed a lich
  5194 | D        | Noticed a great orb of eyes
  5215 | D        | Killed a lich
  5229 | D        | Killed a great orb of eyes
  5236 | D        | Noticed a purple ugly thing
  5236 | D        | Noticed a griffon
  5236 | D        | Noticed a mottled dragon
  5236 | D        | Noticed a yaktaur captain
  5236 | D        | Noticed a yaktaur
  5236 | D        | Noticed a vampire mosquito
  5242 | D        | Killed a vampire mosquito
  5243 | D        | Noticed a mottled dragon
  5245 | D        | Killed a yaktaur
  5246 | D        | Noticed a vault warden
  5247 | D        | Killed a yaktaur captain
  5251 | D        | Killed a griffon
  5252 | D        | Noticed an orc knight
  5256 | D        | Killed a purple ugly thing
  5257 | D        | Killed a mottled dragon
  5258 | D        | Noticed an orc knight
  5259 | D        | Noticed a white ugly thing
  5260 | D        | Noticed an orc knight
  5262 | D        | Killed a vault warden
  5262 | D        | Received a gift from Okawaru
  5265 | D        | Noticed a vault sentinel
  5266 | D        | Killed a mottled dragon
  5268 | D        | Noticed a vault sentinel
  5271 | D        | Killed an orc knight
  5274 | D        | Noticed an orc knight
  5274 | D        | Killed an orc knight
  5276 | D        | Noticed a boulder beetle
  5281 | D        | Killed a white ugly thing
  5281 | D        | Reached skill level 27 in Maces & Flails
  5282 | D        | Noticed a centaur warrior
  5283 | D        | Noticed a fire crab
  5288 | D        | Killed an orc knight
  5289 | D        | Noticed a hornet
  5290 | D        | Killed an orc knight
  5294 | D        | Killed a vault sentinel
  5297 | D        | Killed a vault sentinel
  5299 | D        | Killed a boulder beetle
  5301 | D        | Killed a centaur warrior
  5303 | D        | Killed a fire crab
  5307 | D        | Killed a hornet
  6380 | D        | Noticed Nikola
  6380 | D        | Noticed Louise
  6392 | D        | Killed Nikola
  6397 | D        | Killed Louise
  6397 | D        | Reached skill level 15 in Armour
  6397 | D        | Reached XP level 15. HP: 190/193 MP: 18/25
  6425 | D        | Noticed a four-headed hydra
  6429 | D        | Killed a four-headed hydra
  6612 | D        | Noticed Boris
  6624 | D        | Killed Boris
  6654 | D        | Noticed an emperor scorpion
  6663 | D        | Killed an emperor scorpion
  6714 | D        | Noticed a merfolk impaler
  6714 | D        | Noticed a merfolk javelineer
  6714 | D        | Noticed a merfolk avatar
  6714 | D        | Noticed a merfolk javelineer
  6714 | D        | Noticed a merfolk aquamancer
  6714 | D        | Noticed a merfolk aquamancer
  6715 | D        | Noticed Ilsuiw
  6718 | D        | Killed a merfolk aquamancer
  6719 | D        | Noticed a merfolk aquamancer
  6724 | D        | Killed a merfolk aquamancer
  6726 | D        | Noticed a merfolk impaler
  6729 | D        | Noticed a merfolk aquamancer
  6731 | D        | Killed a merfolk javelineer
  6737 | D        | Killed a merfolk aquamancer
  6737 | D        | Received a gift from Okawaru
  6739 | D        | Noticed a merfolk
  6739 | D        | Killed a merfolk aquamancer
  6740 | D        | Noticed a merfolk impaler
  6742 | D        | Noticed a merfolk javelineer
  6743 | D        | Killed a merfolk avatar
  6753 | D        | Killed a merfolk javelineer
  6762 | D        | Killed a merfolk impaler
  6770 | D        | Killed a merfolk javelineer
  6778 | D        | Killed a merfolk impaler
  6790 | D        | Killed a merfolk impaler
  6793 | D        | Killed a merfolk
  6806 | D        | Killed Ilsuiw
  6823 | D        | Got a barnacled rune of Zot
  6829 | D        | Got an encrusted giant club {god gift}
  6830 | D        | Identified the +5 giant club "Jellyslayer" {antimagic, +Fly rElec Dex-3} (Okawaru gifted it to you in the Dungeon)
  6842 | D        | Noticed a naga warrior
  6842 | D        | Noticed a naga mage
  6842 | D        | Noticed a naga mage
  6842 | D        | Noticed a naga mage
  6842 | D        | Noticed a greater naga
  6842 | D        | Noticed a naga mage
  6844 | D        | Noticed a greater naga
  6850 | D        | Killed a greater naga
  6851 | D        | Noticed a greater naga
  6853 | D        | Killed a naga mage
  6854 | D        | Noticed a naga mage
  6857 | D        | Killed a naga mage
  6858 | D        | Noticed a naga
  6865 | D        | Killed a greater naga
  6868 | D        | Killed a naga mage
  6869 | D        | Noticed a naga
  6873 | D        | Killed a greater naga
  6875 | D        | Noticed a guardian serpent
  6879 | D        | Killed a naga warrior
  6881 | D        | Noticed a greater naga
  6881 | D        | Killed a naga mage
  6884 | D        | Killed a naga
  6887 | D        | Killed a naga mage
  6893 | D        | Killed a naga
  6897 | D        | Killed a greater naga
  6901 | D        | Killed a guardian serpent
  6903 | D        | Got a serpentine rune of Zot
  7085 | D        | Noticed a swamp dragon
  7085 | D        | Noticed a swamp dragon
  7085 | D        | Noticed a swamp dragon
  7085 | D        | Noticed a swamp dragon
  7085 | D        | Noticed a six-headed hydra
  7085 | D        | Noticed a seven-headed hydra
  7088 | D        | Noticed a five-headed hydra
  7091 | D        | Killed a seven-headed hydra
  7098 | D        | Killed a six-headed hydra
  7101 | D        | Noticed an eight-headed hydra
  7101 | D        | Killed a swamp dragon
  7104 | D        | Noticed a bog body
  7105 | D        | Killed a swamp dragon
  7111 | D        | Killed a swamp dragon
  7111 | D        | Received a gift from Okawaru
  7115 | D        | Killed a swamp dragon
  7116 | D        | Killed a five-headed hydra
  7118 | D        | Killed an eight-headed hydra
  7120 | D        | Killed a bog body
  7121 | D        | Noticed a swamp dragon
  7121 | D        | Noticed a four-headed hydra
  7123 | D        | Noticed a four-headed hydra
  7134 | D        | Killed a swamp dragon
  7139 | D        | Killed a four-headed hydra
  7139 | D        | Reached XP level 16. HP: 120/211 MP: 8/26
  7144 | D        | Killed a four-headed hydra
  7184 | D        | Got a decaying rune of Zot
  7416 | D        | Noticed a wolf spider
  7416 | D        | Noticed a wolf spider
  7416 | D        | Noticed a jumping spider
  7416 | D        | Noticed a redback
  7416 | D        | Noticed a demonic crawler
  7421 | D        | Killed a demonic crawler
  7423 | D        | Killed a wolf spider
  7427 | D        | Killed a wolf spider
  7428 | D        | Killed a redback
  7438 | D        | Killed a ghost moth
  7439 | D        | Noticed a wolf spider
  7440 | D        | Noticed an emperor scorpion
  7441 | D        | Noticed a wolf spider
  7446 | D        | Killed a wolf spider
  7457 | D        | Killed an emperor scorpion
  7464 | D        | Killed a wolf spider
  7467 | D        | Killed a jumping spider
  7468 | D        | Noticed a demonic crawler
  7480 | D        | Killed a demonic crawler
  7486 | D        | Noticed Jory
  7497 | D        | Killed Jory
  7552 | D        | Got a gossamer rune of Zot
  7686 | D        | Noticed a vault guard
  7686 | D        | Noticed a vault guard
  7686 | D        | Noticed a vault guard
  7686 | D        | Noticed a vault guard
  7686 | D        | Noticed a vault guard
  7686 | D        | Noticed a vault guard
  7692 | D        | Noticed a vault guard
  7692 | D        | Killed a vault guard
  7696 | D        | Noticed a vault guard
  7696 | D        | Killed a vault guard
  7699 | D        | Noticed a vault guard
  7701 | D        | Killed a vault guard
  7705 | D        | Noticed a vault guard
  7707 | D        | Killed a vault guard
  7713 | D        | Killed a vault guard
  7720 | D        | Noticed a vault guard
  7721 | D        | Killed a vault guard
  7727 | D        | Killed a vault guard
  7730 | D        | Noticed a vault guard
  7731 | D        | Killed a vault guard
  7733 | D        | Killed a vault guard
  7737 | D        | Killed a vault guard
  7737 | D        | Received a gift from Okawaru
  7738 | D        | Noticed a vault guard
  7739 | D        | Noticed a vault guard
  7739 | D        | Killed a vault guard
  7742 | D        | Noticed a vault guard
  7743 | D        | Killed a vault guard
  7747 | D        | Noticed a vault guard
  7749 | D        | Killed a vault guard
  7752 | D        | Noticed a vault guard
  7752 | D        | Killed a vault guard
  7756 | D        | Killed a vault guard
  7762 | D        | Killed a vault guard
  7762 | D        | Reached skill level 27 in Fighting
  7764 | D        | Killed a vault guard
  7821 | D        | Noticed a vault guard
  7822 | D        | Noticed a vault guard
  7823 | D        | Noticed a vault guard
  7823 | D        | Noticed a vault guard
  7824 | D        | Noticed a vault guard
  7825 | D        | Noticed a vault guard
  7827 | D        | Killed a vault guard
  7828 | D        | Noticed a vault guard
  7830 | D        | Noticed a vault guard
  7830 | D        | Killed a vault guard
  7831 | D        | Killed a vault guard
  7847 | D        | Killed a vault guard
  7852 | D        | Killed a vault guard
  7855 | D        | Killed a vault guard
  7863 | D        | Killed a vault guard
  7868 | D        | Killed a vault guard
  7877 | D        | Noticed a lich
  7877 | D        | Noticed an orc knight
  7877 | D        | Noticed a vault warden
  7877 | D        | Noticed a deep troll
  7877 | D        | Noticed an ironheart preserver
  7877 | D        | Noticed a boulder beetle
  7878 | D        | Noticed an ironheart preserver
  7885 | D        | Killed a boulder beetle
  7886 | D        | Killed an ironheart preserver
  7887 | D        | Noticed a freezing wraith
  7889 | D        | Noticed an Executioner
  7895 | D        | Killed a vault warden
  7901 | D        | Killed a deep troll
  7901 | D        | Killed an ironheart preserver
  7902 | D        | Noticed a vault sentinel
  7903 | D        | Killed an orc knight
  7905 | D        | Noticed a boulder beetle
  7909 | D        | Killed a lich
  7911 | D        | Killed a freezing wraith
  7912 | D        | Noticed a giant orange brain
  7912 | D        | Noticed a salamander stormcaller
  7912 | D        | Noticed a shadow dragon
  7916 | D        | Noticed a deep elf priest
  7916 | D        | Killed a vault sentinel
  7917 | D        | Killed a boulder beetle
  7918 | D        | Noticed a shadow dragon
  7919 | D        | Noticed a stone giant
  7920 | D        | Noticed a vault warden
  7924 | D        | Killed a salamander stormcaller
  7928 | D        | Killed a shadow dragon
  7929 | D        | Killed a giant orange brain
  7934 | D        | Killed a shadow dragon
  7934 | D        | Reached XP level 17. HP: 149/226 MP: 27/27
  7947 | D        | Killed a stone giant
  7951 | D        | Killed a deep elf priest
  7958 | D        | Killed a vault warden
  7964 | D        | Received a gift from Okawaru
  7984 | D        | Got a dazzling dire flail {god gift}
  7985 | D        | Identified the +9 dire flail of Vengeance {freeze, +Rage rF+ rC+} (Okawaru gifted it to you in the Dungeon)
  8097 | D        | Noticed a shadow dragon
  8097 | D        | Noticed a tentacled monstrosity
  8097 | D        | Noticed a fire giant
  8097 | D        | Noticed a quicksilver dragon
  8097 | D        | Noticed a shadow dragon
  8097 | D        | Noticed an ogre mage
  8099 | D        | Noticed an ironbrand convoker
  8104 | D        | Killed a shadow dragon
  8111 | D        | Noticed a shadow dragon
  8113 | D        | Killed a tentacled monstrosity
  8114 | D        | Killed a quicksilver dragon
  8115 | D        | Noticed a stone giant
  8118 | D        | Killed an ogre mage
  8122 | D        | Killed a fire giant
  8128 | D        | Killed a shadow dragon
  8132 | D        | Killed a shadow dragon
  8135 | D        | Killed an ironbrand convoker
  8141 | D        | Killed a stone giant
  8152 | D        | Got a silver rune of Zot
  8170 | D        | Noticed Mennas
  8170 | D        | Noticed Frederick
  8171 | D        | Noticed Xtahua
  8179 | D        | Killed Mennas
  8179 | D        | Received a gift from Okawaru
  8184 | D        | Killed Frederick
  8192 | D        | Killed Xtahua
  8227 | D        | Noticed Norris
  8242 | D        | Killed Norris
  8330 | D        | Got the ring of Vebbest {Wiz rPois MR- Int+3}
  8332 | D        | Got the ring "Lejiogh" {Wiz Str+3}
  8334 | D        | Got the amulet "Lufau" {rMut rF+ SInv}
  8336 | D        | Got the amulet of the Jester {Stasis MP+9 Str+4 SInv}
  8338 | D        | Got the amulet "Neeb" {rC+ Regen+ Int+2 Dex+6}
  8512 | D        | Noticed Margery
  8512 | D        | Noticed a necromancer
  8512 | D        | Noticed a necromancer
  8512 | D        | Noticed a hell knight
  8512 | D        | Noticed Mara
  8513 | D        | Noticed a hell knight
  8515 | D        | Killed a necromancer
  8518 | D        | Killed a hell knight
  8518 | D        | Received a gift from Okawaru
  8519 | D        | Noticed a necromancer
  8521 | D        | Noticed XXXTooMuchSwagXXX's illusion
  8524 | D        | Killed Mara
  8527 | D        | Killed a necromancer
  8532 | D        | Killed Margery
  8536 | D        | Killed a hell knight
  8537 | D        | Killed a necromancer
  8621 | D        | Noticed a giant frog
  8621 | D        | Noticed a griffon
  8621 | D        | Noticed a hungry ghost
  8621 | D        | Noticed a vampire
  8621 | D        | Noticed a troll
  8623 | D        | Killed a troll
  8625 | D        | Killed a vampire
  8627 | D        | Killed a hungry ghost
  8628 | D        | Noticed a red ugly thing
  8629 | D        | Killed a griffon
  8632 | D        | Killed a giant frog
  8637 | D        | Killed a red ugly thing
  8637 | D        | Reached XP level 18. HP: 236/236 MP: 28/28
  8646 | D        | Noticed a golden dragon
  8646 | D        | Noticed a mottled dragon
  8646 | D        | Noticed a bone dragon
  8646 | D        | Noticed a storm dragon
  8646 | D        | Noticed a golden dragon
  8646 | D        | Noticed an ice dragon
  8652 | D        | Noticed a storm dragon
  8653 | D        | Killed a golden dragon
  8653 | D        | Reached skill level 27 in Armour
  8661 | D        | Noticed a purple draconian
  8662 | D        | Killed a bone dragon
  8667 | D        | Noticed a mottled dragon
  8668 | D        | Killed a storm dragon
  8671 | D        | Killed a golden dragon
  8671 | D        | Received a gift from Okawaru
  8672 | D        | Noticed a fire dragon
  8676 | D        | Killed a storm dragon
  8677 | D        | Noticed a bone dragon
  8680 | D        | Killed an ice dragon
  8683 | D        | Killed a purple draconian
  8684 | D        | Noticed a green draconian
  8687 | D        | Killed a mottled dragon
  8693 | D        | Killed a fire dragon
  8705 | D        | Killed a bone dragon
  8710 | D        | Killed a green draconian
  8714 | D        | Killed a mottled dragon
  8720 | D        | Got an iridescent giant spiked club {god gift}
  8721 | D        | Identified the +4 giant spiked club of the Jolly Planets {speed, +Inv rElec Str+8 Dex-3} (Okawaru gifted it to you in the Dungeon)
  8841 | D        | Noticed a yellow draconian
  8841 | D        | Noticed a red draconian
  8841 | D        | Noticed a golden dragon
  8841 | D        | Noticed an ice dragon
  8841 | D        | Noticed a red draconian
  8841 | D        | Noticed a purple draconian
  8842 | D        | Noticed a purple draconian annihilator
  8846 | D        | Killed a purple draconian
  8846 | D        | Reached skill level 27 in Dodging
  8849 | D        | Killed a red draconian
  8849 | D        | Reached skill level 1 in Evocations
  8855 | D        | Killed a golden dragon
  8855 | D        | Reached skill level 5 in Stealth
  8855 | D        | Reached skill level 15 in Invocations
  8861 | D        | Killed an ice dragon
  8864 | D        | Killed a red draconian
  8867 | D        | Killed a purple draconian annihilator
  8871 | D        | Killed a yellow draconian
  8871 | D        | Reached skill level 5 in Evocations
  8888 | D        | Noticed a red draconian
  8888 | D        | Noticed a moth of wrath
  8888 | D        | Noticed a green draconian
  8888 | D        | Noticed a death cob
  8888 | D        | Noticed an ice dragon
  8888 | D        | Noticed a red draconian zealot
  8890 | D        | Killed a red draconian zealot
  8890 | D        | Received a gift from Okawaru
  8891 | D        | Noticed a black draconian scorcher
  8894 | D        | Noticed a white draconian
  8901 | D        | Killed an ice dragon
  8906 | D        | Killed a death cob
  8913 | D        | Killed a green draconian
  8913 | D        | Reached skill level 10 in Stealth
  8915 | D        | Killed a moth of wrath
  8926 | D        | Killed a red draconian
  8929 | D        | Killed a black draconian scorcher
  8937 | D        | Killed a white draconian
  8976 | D        | Noticed a tentacled monstrosity
  8976 | D        | Noticed a black draconian monk
  8976 | D        | Noticed a moth of wrath
  8976 | D        | Noticed an ice dragon
  8976 | D        | Noticed a white draconian
  8976 | D        | Noticed a black draconian
  8977 | D        | Noticed a storm dragon
  8982 | D        | Killed a black draconian
  8987 | D        | Killed a white draconian
  8988 | D        | Noticed a yellow draconian knight
  8993 | D        | Killed an ice dragon
  8996 | D        | Noticed a mottled draconian
  8999 | D        | Killed a tentacled monstrosity
  9005 | D        | Killed a black draconian monk
  9010 | D        | Killed a moth of wrath
  9024 | D        | Killed a storm dragon
  9029 | D        | Killed a yellow draconian knight
  9035 | D        | Killed a mottled draconian
  9113 | D        | Noticed a tentacled monstrosity
  9113 | D        | Noticed a tentacled monstrosity
  9113 | D        | Noticed a tentacled monstrosity
  9113 | D        | Noticed a mottled draconian
  9113 | D        | Noticed a tentacled monstrosity
  9113 | D        | Noticed a green draconian
  9114 | D        | Noticed a mottled draconian zealot
  9117 | D        | Killed a tentacled monstrosity
  9117 | D        | Reached skill level 10 in Evocations
  9118 | D        | Noticed a black draconian
  9125 | D        | Killed a tentacled monstrosity
  9126 | D        | Noticed a mottled draconian
  9133 | D        | Killed a green draconian
  9138 | D        | Killed a tentacled monstrosity
  9146 | D        | Killed a tentacled monstrosity
  9146 | D        | Reached XP level 19. HP: 229/245 MP: 32/32
  9152 | D        | Killed a mottled draconian
  9159 | D        | Killed a mottled draconian zealot
  9161 | D        | Killed a black draconian
  9165 | D        | Killed a mottled draconian
  9884 | D        | Noticed a moth of wrath
  9890 | D        | Killed a moth of wrath
 10016 | D        | Noticed a swamp dragon
 10023 | D        | Killed a swamp dragon
 10091 | D        | Noticed a moth of wrath
 10095 | D        | Killed a moth of wrath
 10095 | D        | Reached skill level 15 in Stealth
 10142 | D        | Noticed a wolf spider
 10152 | D        | Killed a wolf spider
 10169 | D        | Noticed a giant frog
 10175 | D        | Killed a giant frog
 10258 | D        | Noticed a wolf spider
 10261 | D        | Killed a wolf spider
 10397 | D        | Was forgiven by Trog
 10586 | D        | Learned a level 4 spell: Condensation Shield
 10586 | D        | Fell from the grace of Okawaru
 10586 | D        | Became a worshipper of Sif Muna the Loreminder
 12055 | D        | Noticed an Orb Guardian
 12055 | D        | Noticed an Orb Guardian
 12055 | D        | Noticed an Orb Guardian
 12055 | D        | Noticed an Orb Guardian
 12055 | D        | Noticed an Orb Guardian
 12055 | D        | Noticed an Orb Guardian
 12058 | D        | Killed an Orb Guardian
 12058 | D        | Acquired Sif Muna's first power
 12059 | D        | Noticed an Orb Guardian
 12065 | D        | Killed an Orb Guardian
 12065 | D        | Acquired Sif Muna's second power
 12067 | D        | Noticed an Orb Guardian
 12071 | D        | Killed an Orb Guardian
 12071 | D        | Reached skill level 10 in Spellcasting
 12077 | D        | Killed an Orb Guardian
 12077 | D        | Acquired Sif Muna's third power
 12080 | D        | Killed an Orb Guardian
 12081 | D        | Noticed an Orb Guardian
 12087 | D        | Killed an Orb Guardian
 12092 | D        | Noticed an Orb Guardian
 12095 | D        | Killed an Orb Guardian
 12095 | D        | Received a gift from Sif Muna
 12095 | D        | Reached skill level 15 in Spellcasting
 12100 | D        | Killed an Orb Guardian
 12104 | D        | Killed an Orb Guardian
 12104 | D        | Received a gift from Sif Muna
 12109 | D        | Killed an Orb Guardian
 12114 | D        | Identified Nuab Sev's Collected Works on Clay and Changing (Sif Muna gifted it to you in the Dungeon)
 12116 | D        | Identified Sif Muna's Incunabulum of Transmutation (Sif Muna gifted it to you in the Dungeon)
 12121 | D        | Learned a level 3 spell: Passwall
 12124 | D        | Learned a level 2 spell: Stoneskin
 12131 | D        | Gained mutation: You are agile. (Dex +2) [potion of beneficial mutation]
 12137 | D        | Noticed a death cob
 12137 | D        | Noticed a storm dragon
 12137 | D        | Noticed an Orb Guardian
 12137 | D        | Noticed an Orb Guardian
 12137 | D        | Noticed a red draconian
 12137 | D        | Noticed a golden dragon
 12138 | D        | Noticed an Orb Guardian
 12142 | D        | Killed a golden dragon
 12142 | D        | Received a gift from Sif Muna
 12143 | D        | Noticed an Orb Guardian
 12151 | D        | Killed a red draconian
 12155 | D        | Killed an Orb Guardian
 12155 | D        | Reached skill level 5 in Transmutations
 12158 | D        | Killed an Orb Guardian
 12158 | D        | Received a gift from Sif Muna
 12168 | D        | Killed a storm dragon
 12173 | D        | Killed a death cob
 12173 | D        | Received a gift from Sif Muna
 12180 | D        | Killed an Orb Guardian
 12183 | D        | Killed an Orb Guardian
 12189 | D        | Identified Sif Muna's Grimoire of Transmigration (Sif Muna gifted it to you in the Dungeon)
 12191 | D        | Identified Sif Muna's Incunabulum of Warped Good Luck (Sif Muna gifted it to you in the Dungeon)
 12196 | D        | Learned a level 3 spell: Regeneration
 12336 | D        | Noticed an ancient lich
 12345 | D        | Killed an ancient lich
 12345 | D        | Received a gift from Sif Muna
 12345 | D        | Received a gift from Sif Muna
 12348 | D        | Identified Sif Muna's Collected Works on Moulding (Sif Muna gifted it to you in the Dungeon)
 12360 | D        | Learned a level 8 spell: Necromutation
 12396 | D        | Noticed an orb of fire
 12402 | D        | Lost mutation: You are agile. (Dex +2) [an orb of fire]
 12404 | D        | Killed an orb of fire
 12404 | D        | Received a gift from Sif Muna
 12404 | D        | Reached skill level 10 in Transmutations
 12407 | D        | Noticed an electric golem
 12425 | D        | Killed an electric golem
 12425 | D        | Received a gift from Sif Muna
 12429 | D        | Learned a level 1 spell: Flame Tongue
 12437 | D        | Learned a level 7 spell: Darkness
 12443 | D        | Learned a level 5 spell: Phase Shift
 12447 | D        | Learned a level 3 spell: Portal Projectile
 12470 | D        | Learned a level 5 spell: Silence
 12480 | D        | Identified Sif Muna's Papyrus of the Three Mice (Sif Muna gifted it to you in the Dungeon)
 12488 | D        | Learned a level 6 spell: Statue Form
 12496 | D        | Noticed a Killer Klown
 12496 | D        | Noticed an orb of fire
 12496 | D        | Noticed an orb of fire
 12496 | D        | Noticed an ancient lich
 12496 | D        | Noticed an Orb Guardian
 12496 | D        | Noticed an Orb Guardian
 12505 | D        | Noticed a shadow dragon
 12511 | D        | Killed an Orb Guardian
 12511 | D        | Received a gift from Sif Muna
 12515 | D        | Killed an ancient lich
 12515 | D        | Received a gift from Sif Muna
 12515 | D        | Reached XP level 20. HP: 144/256 MP: 44/46
 12516 | D        | Noticed an orb of fire
 12522 | D        | Noticed an electric golem
 12528 | D        | Killed an orb of fire
 12528 | D        | Received a gift from Sif Muna
 12836 | D        | Gained mutation: Your magical capacity is low (-10% MP). [an orb of fire]
 12848 | D        | Killed an orb of fire
 12848 | D        | Received a gift from Sif Muna
 12848 | D        | Received a gift from Sif Muna
 12848 | D        | Reached skill level 10 in Necromancy
 12855 | D        | Killed an Orb Guardian
 12870 | D        | Killed a shadow dragon
 12880 | D        | Killed an orb of fire
 12880 | D        | Received a gift from Sif Muna
 12880 | D        | Received a gift from Sif Muna
 12888 | D        | Killed a Killer Klown
 12888 | D        | Received a gift from Sif Muna
 12893 | D        | Identified Sif Muna's Papyrus of Protection (Sif Muna gifted it to you in the Dungeon)
 12893 | D        | Identified Sumuh's Collected Works on Necromancy (Sif Muna gifted it to you in the Dungeon)
 12898 | D        | Learned a level 2 spell: Song of Slaying
 12901 | D        | Learned a level 2 spell: Repel Missiles
 12904 | D        | Identified Xuleis Fus's Grimoire of the Snowflakes and Beguiling (Sif Muna gifted it to you in the Dungeon)
 12906 | D        | Identified Sif Muna's Guide on Harmful Air (Sif Muna gifted it to you in the Dungeon)
 12906 | D        | Identified Voempiot's Volume of Talismans (Sif Muna gifted it to you in the Dungeon)
 12911 | D        | Learned a level 3 spell: Spectral Weapon
 12924 | D        | Killed an electric golem
 13013 | D        | Noticed an Orb Guardian
 13023 | D        | Killed an Orb Guardian
 13023 | D        | Received a gift from Sif Muna
 13024 | D        | Noticed an Orb Guardian
 13026 | D        | Identified Sif Muna's Tome of Contamination (Sif Muna gifted it to you in the Dungeon)
 13045 | D        | Noticed a moth of wrath
 13046 | D        | Noticed a shadow dragon
 13053 | D        | Killed an Orb Guardian
 13056 | D        | Killed a shadow dragon
 13056 | D        | Reached skill level 15 in Transmutations
 13057 | D        | Killed a moth of wrath
 13057 | D        | Received a gift from Sif Muna
 13058 | D        | Identified Ifeo's Volume of Dusty Augmentations (Sif Muna gifted it to you in the Dungeon)
 13064 | D        | Identified Sif Muna's Catalogue of Dark Secrets and the Escort (Sif Muna gifted it to you in the Dungeon)
 13066 | D        | Identified Sif Muna's Incunabulum of Evil (Sif Muna gifted it to you in the Dungeon)
 13068 | D        | Identified Sif Muna's Handbook of Evil (Sif Muna gifted it to you in the Dungeon)
 13072 | D        | Learned a level 2 spell: Sublimation of Blood
 13077 | D        | Noticed an Orb Guardian
 13088 | D        | Killed an Orb Guardian
 13091 | D        | Noticed an Orb Guardian
 13091 | D        | Noticed an Orb Guardian
 13091 | D        | Noticed an Orb Guardian
 13091 | D        | Noticed an Orb Guardian
 13091 | D        | Noticed an Orb Guardian
 13091 | D        | Noticed an Orb Guardian
 13094 | D        | Killed an Orb Guardian
 13098 | D        | Killed an Orb Guardian
 13098 | D        | Received a gift from Sif Muna
 13099 | D        | Noticed a moth of wrath
 13101 | D        | Killed an Orb Guardian
 13110 | D        | Noticed an Orb Guardian
 13114 | D        | Killed an Orb Guardian
 13114 | D        | Received a gift from Sif Muna
 13133 | D        | Killed an Orb Guardian
 13133 | D        | Received a gift from Sif Muna
 13142 | D        | Killed an Orb Guardian
 13150 | D        | Killed a moth of wrath
 13153 | D        | Identified Istoef's Reference Book on Toxins and Earth (Sif Muna gifted it to you in the Dungeon)
 13173 | D        | Killed an Orb Guardian
 13335 | D        | Identified Sif Muna's Collected Works on Boosting Confrontation (Sif Muna gifted it to you in the Dungeon)
 13337 | D        | Noticed an Orb Guardian
 13338 | D        | Noticed an Orb Guardian
 13339 | D        | Noticed an Orb Guardian
 13340 | D        | Noticed an Orb Guardian
 13342 | D        | Noticed an Orb Guardian
 13344 | D        | Killed an Orb Guardian
 13344 | D        | Received a gift from Sif Muna
 13348 | D        | Killed an Orb Guardian
 13352 | D        | Killed an Orb Guardian
 13352 | D        | Received a gift from Sif Muna
 13352 | D        | Reached skill level 15 in Necromancy
 13355 | D        | Killed an Orb Guardian
 13355 | D        | Reached skill level 27 in Spellcasting
 13357 | D        | Killed an Orb Guardian
 13357 | D        | Received a gift from Sif Muna
 13359 | D        | Identified Sif Muna's Lost Secrets of the Arcane Arts (Sif Muna gifted it to you in the Dungeon)
 13359 | D        | Identified Sif Muna's Almanac of Helpful Dislocation (Sif Muna gifted it to you in the Dungeon)
 13469 | D        | Noticed a lich
 13469 | D        | Noticed a vampire knight
 13469 | D        | Noticed an ancient lich
 13469 | D        | Noticed a vampire knight
 13469 | D        | Noticed a lich
 13469 | D        | Noticed an ancient lich
 13473 | D        | Killed an ancient lich
 13473 | D        | Received a gift from Sif Muna
 13473 | D        | Reached XP level 21. HP: 265/265 MP: 40/46
 13474 | D        | Noticed a vampire knight
 13474 | D        | Gained mutation: You are clumsy. (Dex -2) [a cacodemon]
 13475 | D        | Noticed an ancient lich
 13479 | D        | Killed a lich
 13479 | D        | Received a gift from Sif Muna
 13481 | D        | Killed a vampire knight
 13483 | D        | Killed an ancient lich
 13483 | D        | Received a gift from Sif Muna
 13483 | D        | Received a gift from Sif Muna
 13491 | D        | Killed a vampire knight
 13492 | D        | Killed an ancient lich
 13492 | D        | Received a gift from Sif Muna
 13493 | D        | Noticed a vampire knight
 13495 | D        | Killed a vampire knight
 13496 | D        | Noticed a vampire knight
 13497 | D        | Noticed a vampire knight
 13499 | D        | Killed a lich
 13499 | D        | Received a gift from Sif Muna
 13502 | D        | Killed a vampire knight
 13504 | D        | Killed a vampire knight
 13507 | D        | Killed a vampire knight
 13507 | D        | Received a gift from Sif Muna
 13512 | D        | Learned a level 2 spell: Blink
 13523 | D        | Identified Sif Muna's Disquisition on Destructive Flight (Sif Muna gifted it to you in the Dungeon)
 13526 | D        | Identified Cabuwix's Incunabulum of Warped Blows and Bruises (Sif Muna gifted it to you in the Dungeon)
 13529 | D        | Identified Sif Muna's Reference Book on Combat Magic and Weightlessness (Sif Muna gifted it to you in the Dungeon)
 13529 | D        | Identified Sageyj's Catalogue of Torrid Arcane Weapons (Sif Muna gifted it to you in the Dungeon)
 13529 | D        | Identified Sif Muna's Catalogue of Malediction (Sif Muna gifted it to you in the Dungeon)
 13529 | D        | Identified Sif Muna's Collected Works on Boosting Fascination (Sif Muna gifted it to you in the Dungeon)
 13533 | D        | Learned a level 2 spell: Swiftness
 13536 | D        | Identified Sif Muna's Collected Works on Bewitchment (Sif Muna gifted it to you in the Dungeon)
 13549 | D        | Noticed a spriggan baker
 13549 | D        | Noticed a spriggan baker
 13549 | D        | Noticed a spriggan baker
 13549 | D        | Noticed a spriggan baker
 13549 | D        | Noticed a spriggan baker
 13549 | D        | Noticed a spriggan baker
 13552 | D        | Killed a spriggan baker
 13553 | D        | Noticed a spriggan baker
 13553 | D        | Killed a spriggan baker
 13554 | D        | Noticed a spriggan baker
 13556 | D        | Killed a spriggan baker
 13557 | D        | Noticed a spriggan baker
 13557 | D        | Killed a spriggan baker
 13558 | D        | Noticed a spriggan baker
 13560 | D        | Killed a spriggan baker
 13561 | D        | Killed a spriggan baker
 13564 | D        | Killed a spriggan baker
 13566 | D        | Noticed a spriggan baker
 13566 | D        | Killed a spriggan baker
 13567 | D        | Killed a spriggan baker
 13568 | D        | Killed a spriggan baker
 13574 | D        | Killed a spriggan baker
 13588 | D        | Noticed a deep elf death mage
 13588 | D        | Noticed a deep elf demonologist
 13588 | D        | Noticed a deep elf master archer
 13588 | D        | Noticed a deep elf demonologist
 13588 | D        | Noticed a deep elf sorcerer
 13588 | D        | Noticed a deep elf annihilator
 13589 | D        | Noticed a deep elf blademaster
 13593 | D        | Killed a deep elf annihilator
 13595 | D        | Noticed a deep elf sorcerer
 13597 | D        | Killed a deep elf sorcerer
 13609 | D        | Killed a deep elf blademaster
 13609 | D        | Received a gift from Sif Muna
 13610 | D        | Noticed a deep elf demonologist
 13612 | D        | Killed a deep elf master archer
 13613 | D        | Noticed a deep elf death mage
 13617 | D        | Killed a deep elf death mage
 13618 | D        | Killed a ghostly deep elf death mage
 13623 | D        | Killed a deep elf sorcerer
 13623 | D        | Received a gift from Sif Muna
 13634 | D        | Killed a deep elf demonologist
 13636 | D        | Noticed a deep elf death mage
 13641 | D        | Killed a deep elf demonologist
 13642 | D        | Noticed a deep elf high priest
 13646 | D        | Noticed a deep elf sorcerer
 13648 | D        | Noticed a deep elf master archer
 13652 | D        | Killed a deep elf demonologist
 13655 | D        | Killed a deep elf death mage
 13655 | D        | Received a gift from Sif Muna
 13659 | D        | Killed a deep elf death mage
 13662 | D        | Killed a deep elf master archer
 13667 | D        | Killed a deep elf sorcerer
 13669 | D        | Killed a deep elf high priest
 13669 | D        | Received a gift from Sif Muna
 13672 | D        | Identified Sif Muna's Tome of the Lethal Escort (Sif Muna gifted it to you in the Dungeon)
 13676 | D        | Identified Sif Muna's Collected Works on Arcane Weapons (Sif Muna gifted it to you in the Dungeon)
 13676 | D        | Got an elven rune of Zot
 13693 | D        | Identified Sif Muna's Almanac of Congealing Talismans (Sif Muna gifted it to you in the Dungeon)
 13725 | D        | Noticed an azure jelly
 13725 | D        | Noticed an azure jelly
 13725 | D        | Noticed a golden eye
 13725 | D        | Noticed an acid blob
 13725 | D        | Noticed an acid blob
 13725 | D        | Noticed an azure jelly
 13734 | D        | Learned a level 6 spell: Haste
 14973 | D        | Noticed a death ooze
 14977 | D        | Killed an azure jelly
 14978 | D        | Noticed a death ooze
 14982 | D        | Killed an acid blob
 14985 | D        | Killed a golden eye
 14986 | D        | Killed an acid blob
 14986 | D        | Received a gift from Sif Muna
 14987 | D        | Noticed a death ooze
 14991 | D        | Killed an azure jelly
 14993 | D        | Noticed the royal jelly
 14994 | D        | Killed an azure jelly
 14997 | D        | Killed a death ooze
 14998 | D        | Killed a death ooze
 14998 | D        | Received a gift from Sif Muna
 14999 | D        | Noticed a golden eye
 15000 | D        | Killed a death ooze
 15002 | D        | Noticed an azure jelly
 15014 | D        | Killed a golden eye
 15020 | D        | Killed an azure jelly
 15028 | D        | Noticed an acid blob
 15029 | D        | Killed the royal jelly
 15029 | D        | Received a gift from Sif Muna
 15029 | D        | Received a gift from Sif Muna
 15029 | D        | Received a gift from Sif Muna
 15041 | D        | Noticed an azure jelly
 15045 | D        | Noticed an acid blob
 15050 | D        | Killed an acid blob
 15053 | D        | Noticed a golden eye
 15060 | D        | Killed an acid blob
 15062 | D        | Killed an azure jelly
 15062 | D        | Received a gift from Sif Muna
 15065 | D        | Killed a golden eye
 15066 | D        | Noticed an acid blob
 15067 | D        | Noticed an acid blob
 15077 | D        | Killed an acid blob
 15086 | D        | Killed an acid blob
 15094 | D        | Got a slimy rune of Zot
 15097 | D        | Identified Sif Muna's Grimoire of Creative Conjuration (Sif Muna gifted it to you in the Dungeon)
 15101 | D        | Identified Rocwihis's Reference Book on Earthen Attacks (Sif Muna gifted it to you in the Dungeon)
 15101 | D        | Identified Zapizouq's Papyrus of Warped Summoning (Sif Muna gifted it to you in the Dungeon)
 15101 | D        | Identified Sif Muna's Guide on Congealing Translocation (Sif Muna gifted it to you in the Dungeon)
 15104 | D        | Identified Sif Muna's Disquisition on Calling (Sif Muna gifted it to you in the Dungeon)
 15391 | D        | Noticed a sphinx
 15391 | D        | Noticed a sphinx
 15391 | D        | Noticed a sphinx
 15391 | D        | Noticed a sphinx
 15391 | D        | Noticed a sphinx
 15391 | D        | Noticed a sphinx
 15392 | D        | Noticed a sphinx
 15396 | D        | Killed a sphinx
 15396 | D        | Received a gift from Sif Muna
 15398 | D        | Killed a sphinx
 15398 | D        | Reached XP level 22. HP: 268/275 MP: 47/47
 15399 | D        | Noticed a sphinx
 15401 | D        | Killed a sphinx
 15401 | D        | Received a gift from Sif Muna
 15402 | D        | Noticed a sphinx
 15403 | D        | Noticed a sphinx
 15406 | D        | Killed a sphinx
 15406 | D        | Reached skill level 5 in Charms
 15407 | D        | Noticed a sphinx
 15408 | D        | Killed a sphinx
 15409 | D        | Noticed a sphinx
 15415 | D        | Killed a sphinx
 15415 | D        | Received a gift from Sif Muna
 15416 | D        | Killed a sphinx
 15424 | D        | Killed a sphinx
 15427 | D        | Killed a sphinx
 15427 | D        | Received a gift from Sif Muna
 15430 | D        | Killed a sphinx
 15436 | D        | Killed a sphinx
 15436 | D        | Received a gift from Sif Muna
 15441 | D        | Killed a sphinx
 15443 | D        | Identified Sif Muna's Papyrus of Arcane Weapons (Sif Muna gifted it to you in the Dungeon)
 15459 | D        | Identified Sif Muna's Papyrus of Gliding Conjuration (Sif Muna gifted it to you in the Dungeon)
 15463 | D        | Identified Sif Muna's Handbook of the Escort (Sif Muna gifted it to you in the Dungeon)
 15465 | D        | Identified Sif Muna's Collected Works on Battle Magic (Sif Muna gifted it to you in the Dungeon)
 15473 | D        | Learned a level 6 spell: Deflect Missiles
 17123 | D        | Was forgiven by Okawaru
 17286 | D        | Fell from the grace of Sif Muna
 17286 | D        | Became a worshipper of Makhleb the Destroyer
 19024 | D        | Noticed a guardian mummy
 19024 | D        | Noticed a guardian mummy
 19024 | D        | Noticed a guardian mummy
 19024 | D        | Noticed a guardian mummy
 19024 | D        | Noticed a guardian mummy
 19024 | D        | Noticed a guardian mummy
 19027 | D        | Killed a guardian mummy
 19028 | D        | Noticed a guardian mummy
 19030 | D        | Killed a guardian mummy
 19031 | D        | Noticed a guardian mummy
 19032 | D        | Killed a guardian mummy
 19033 | D        | Noticed a mummy priest
 19033 | D        | Killed a guardian mummy
 19033 | D        | Acquired Makhleb's first power
 19033 | D        | Reached skill level 10 in Charms
 19036 | D        | Killed a guardian mummy
 19040 | D        | Killed a guardian mummy
 19043 | D        | Killed a guardian mummy
 19043 | D        | Acquired Makhleb's second power
 19045 | D        | Noticed a guardian mummy
 19045 | D        | Killed a guardian mummy
 19053 | D        | Killed a mummy priest
 19056 | D        | Killed a guardian mummy
 19063 | D        | Noticed a mummy priest
 19063 | D        | Noticed a guardian mummy
 19063 | D        | Noticed a mummy priest
 19063 | D        | Noticed a guardian mummy
 19063 | D        | Noticed a guardian mummy
 19063 | D        | Noticed a guardian mummy
 19065 | D        | Killed a guardian mummy
 19065 | D        | Acquired Makhleb's third power
 19073 | D        | Killed a guardian mummy
 19076 | D        | Killed a guardian mummy
 19080 | D        | Noticed a guardian mummy
 19082 | D        | Noticed a guardian mummy
 19085 | D        | Killed a mummy priest
 19086 | D        | Noticed a guardian mummy
 19087 | D        | Killed a guardian mummy
 19096 | D        | Killed a mummy priest
 19096 | D        | Acquired Makhleb's fourth power
 19101 | D        | Killed a guardian mummy
 19104 | D        | Killed a guardian mummy
 19107 | D        | Killed a guardian mummy
 19111 | D        | Lost mutation: You are clumsy. (Dex -2) [potion of cure mutation]
 19111 | D        | Lost mutation: Your magical capacity is low (-10% MP). [potion of cure mutation]
 19111 | D        | Lost mutation: You expend magic power (3 MP) to strengthen your wands. [potion of cure mutation]
 19166 | D        | Noticed a greater mummy
 19166 | D        | Noticed a greater mummy
 19166 | D        | Noticed a greater mummy
 19166 | D        | Noticed a guardian mummy
 19166 | D        | Noticed a guardian mummy
 19166 | D        | Noticed a guardian mummy
 19167 | D        | Noticed a greater mummy
 19169 | D        | Killed a guardian mummy
 19170 | D        | Killed a guardian mummy
 19170 | D        | Acquired Makhleb's fifth power
 19171 | D        | Noticed a guardian mummy
 19178 | D        | Killed a guardian mummy
 19181 | D        | Noticed a guardian mummy
 19190 | D        | Killed a greater mummy
 19201 | D        | Killed a greater mummy
 19209 | D        | Killed a greater mummy
 19216 | D        | Killed a greater mummy
 19217 | D        | Killed a guardian mummy
 19222 | D        | Killed a guardian mummy
 19240 | D        | Got a golden rune of Zot
 19310 | D        | Noticed a wandering mushroom
 19310 | D        | Noticed a sky beast
 19310 | D        | Noticed a large abomination
 19310 | D        | Noticed a wretched star
 19310 | D        | Noticed a chaos spawn
 19311 | D        | Noticed a neqoxec
 19313 | D        | Killed a chaos spawn
 19317 | D        | Killed a wretched star
 19319 | D        | Killed a large abomination
 19320 | D        | Noticed a jelly
 19323 | D        | Killed a lorocyproca
 19330 | D        | Killed a sky beast
 19331 | D        | Noticed a ynoxinul
 19334 | D        | Noticed a large abomination
 19336 | D        | Noticed a brown very ugly thing
 19341 | D        | Killed a wandering mushroom
 19344 | D        | Killed a neqoxec
 19346 | D        | Killed a jelly
 19351 | D        | Killed a brown very ugly thing
 19353 | D        | Killed a ynoxinul
 19354 | D        | Killed a large abomination
 19358 | D        | Got an abyssal rune of Zot
 19481 | D        | Noticed Geryon
 19611 | D        | Gained mutation: Armour fits poorly on your strangely shaped body. [mutagenic glow]
 19624 | D        | Lost mutation: Armour fits poorly on your strangely shaped body. [potion of cure mutation]
 19883 | D        | Killed Geryon
 19883 | D        | Reached skill level 15 in Charms
 19949 | D        | Gained mutation: You expend magic power (3 MP) to strengthen your wands. [miscasting Necromutation]
 20179 | D        | Noticed Cerebov
 20179 | D        | Noticed Gloorx Vloq
 20180 | D        | Noticed Mnoleg
 20199 | D        | Killed Gloorx Vloq
 20219 | D        | Noticed Ereshkigal
 20618 | D        | Killed Cerebov
 21254 | D        | Got the +5 giant spiked club of Ravage {holy, +Blink Str+6 Stlth+}
 22116 | D        | Killed Mnoleg
 22116 | D        | Reached XP level 23. HP: 174/281 MP: 44/54
 22428 | D        | Killed Ereshkigal
 22626 | D        | Noticed Lom Lobon
 22664 | D        | Killed Lom Lobon
 22934 | D        | Got a dark rune of Zot
 22939 | D        | Got a fiery rune of Zot
 22943 | D        | Got a glowing rune of Zot
 22945 | D        | Noticed Antaeus
 22947 | D        | Noticed Dispater
 23230 | D        | Killed Dispater
 23349 | D        | Killed Antaeus
 23472 | D        | Noticed Asmodeus
 23715 | D        | Killed Asmodeus
 24047 | D        | Got a bone rune of Zot
 24051 | D        | Got a magical rune of Zot
 24055 | D        | Got an icy rune of Zot
 24059 | D        | Got an iron rune of Zot
 24063 | D        | Got an obsidian rune of Zot
 24483 | D        | Got the Orb of Zot
 24626 | D        | Reached skill level 1 in Translocations
 24626 | D        | Reached skill level 1 in Air Magic
 24810 | D        | Reached skill level 5 in Translocations
 24810 | D        | Reached skill level 5 in Air Magic
 24898 | D        | Noticed Neczent the pandemonium lord
 24909 | D        | Killed Neczent the pandemonium lord
 25091 | D        | Noticed a seraph
 25121 | D        | Killed a seraph
 25371 | D        | Noticed Oraceor the pandemonium lord
 25388 | D        | Killed Oraceor the pandemonium lord
 25575 | D        | Reached XP level 24. HP: 295/295 MP: 54/54
 25871 | D        | Reached skill level 15 in Translocations
 25871 | D        | Reached skill level 15 in Air Magic
 25952 | D        | Noticed Raraym the pandemonium lord
 25965 | D        | Killed Raraym the pandemonium lord
 25968 | D        | Noticed Nolaewku the pandemonium lord
 25978 | D        | Killed Nolaewku the pandemonium lord
 26080 | D        | Reached skill level 1 in Hexes
 26095 | D        | Reached skill level 5 in Hexes
 26113 | D        | Noticed a seraph
 26142 | D        | Killed a seraph
 26165 | D        | Was forgiven by Sif Muna
 26186 | D        | Noticed Socydghi the pandemonium lord
 26202 | D        | Killed Socydghi the pandemonium lord
 26372 | D        | Reached skill level 15 in Hexes
 26378 | D        | Noticed a seraph
 26396 | D        | Killed a seraph
 26459 | D        | Reached skill level 1 in Throwing
 26504 | D        | Reached skill level 5 in Throwing
 26581 | D        | Reached skill level 10 in Throwing
 26818 | D        | Fell from the grace of Makhleb
 26820 | D        | Escaped with the Orb!

Vault maps used:
D:        linesprint

Action                   |  1- 3 |  4- 6 |  7- 9 | 10-12 | 13-15 | 16-18 | 19-21 | 22-24 || total
-------------------------+-------+-------+-------+-------+-------+-------+-------+-------++-------
Melee: Mace              |    17 |    14 |       |       |       |       |       |       ||    31
       Dire flail        |       |     6 |    51 |       |       |       |       |       ||    57
       Giant club        |       |       |    25 |   208 |   461 |   433 |       |    73 ||  1200
       Unarmed           |       |       |       |     5 |       |       |       |       ||     5
       Giant spiked club |       |       |       |       |       |   152 |   624 |  1116 ||  1892
Throw: Large rock        |       |       |       |       |       |       |     2 |     4 ||     6
 Cast: Stoneskin         |       |       |       |       |       |       |     1 |       ||     1
       Statue Form       |       |       |       |       |       |       |     2 |       ||     2
       Necromutation     |       |       |       |       |       |       |       |    84 ||    84
       Haste             |       |       |       |       |       |       |       |    15 ||    15
       Deflect Missiles  |       |       |       |       |       |       |       |     3 ||     3
       Swiftness         |       |       |       |       |       |       |       |     1 ||     1
       Condensation Shie |       |       |       |       |       |       |       |     1 ||     1
Invok: Berserk           |     1 |     1 |     3 |       |       |       |       |       ||     5
       Heroism           |       |       |       |     5 |    12 |     5 |       |       ||    22
       Finesse           |       |       |       |       |     9 |     2 |       |       ||    11
       Renounce Religion |       |       |       |       |       |       |       |     1 ||     1
 Abil: End Transformatio |       |       |       |       |       |       |       |     3 ||     3
Evoke: Wand              |       |       |       |     2 |       |       |       |     2 ||     4
  Use: Potion            |       |     1 |     2 |     7 |    10 |       |     3 |     3 ||    26
       Scroll            |       |       |       |       |     2 |     4 |     4 |     1 ||    11
 Stab: Invisible         |       |       |     2 |     7 |       |       |       |       ||     9
       Sleeping          |       |       |       |       |       |       |     2 |       ||     2
       Distracted        |       |       |       |       |       |       |     1 |     1 ||     2
  Eat: Bread ration      |       |       |     1 |       |     1 |     1 |     5 |     5 ||    13
       Chunk             |       |       |       |    10 |    10 |     7 |     2 |       ||    29
       Pizza             |       |       |       |       |     1 |       |       |       ||     1
       Meat ration       |       |       |       |       |       |       |       |     1 ||     1
